 Dungeon Crawl Stone Soup version 0.31.0-32-g396128a36d (webtiles) character file.

Game seed: 11592706536046061531

1162 hawla the Firebug (level 8, 0/41 HPs)
             Began as a Deep Elf Fire Elementalist on Mar 25, 2024.
             Slain by an ufetubus (2 damage)
             ... on level 6 of the Dungeon.
             The game lasted 00:11:00 (5713 turns).

hawla the Firebug (Deep Elf Fire Elementalist)      Turns: 5713, Time: 00:11:00

Health: 0/41       AC:  2    Str:  5    XL:     8   Next: 17%
Magic:  2/17       EV: 12    Int: 23    God:
Gold:   352        SH:  0    Dex: 15    Spells: 5/16 levels left

rFire   . . .        o - staff of death
rCold   + . .        (no shield)
rNeg    + . .        a - +0 robe
rPois   .            (no helmet)
rElec   .            (no cloak)
rCorr   .            (no gloves)
SInv    .            (no boots)
Will    .....        (no amulet)
Stlth   ++           f - ring of wizardry
HPRegen 0.26/turn    e - ring of protection from cold
MPRegen 0.15/turn

%: wizardry (x1)
@: hasted, very quick
A: no striking features
a: no special abilities


You were on level 6 of the Dungeon.
You visited 1 branch of the dungeon, and saw 6 of its levels.

You collected 352 gold pieces.

Inventory:

Armour
 a - a +0 robe (worn)
Magical Staves
 o - a staff of death (weapon)
Jewellery
 e - a ring of protection from cold (right hand)
 f - a ring of wizardry (left hand)
Scrolls
 d - a scroll of teleportation
 n - a scroll of fear {unknown}
Potions
 c - a potion of heal wounds {unknown}
 g - a potion of invisibility {unknown}
 h - a potion of haste
 i - a potion of ambrosia {unknown}
 k - a potion of mutation {unknown}
 m - 4 potions of curing {unknown}
 p - 2 potions of resistance {unknown}


   Skills:
 + Level 6.4 Staves
 - Level 2.4 Dodging
 - Level 2.4 Stealth
 - Level 4.8 Spellcasting
 - Level 2.9 Conjurations
 - Level 6.6 Fire Magic
 - Level 2.5 Earth Magic


You had 5 spell levels left.
You knew the following spells:

 Your Spells              Type           Power      Damage    Failure   Level
a - Foxfire               Conj/Fire      100%       2x1d9     1%          1
b - Scorch                Fire           72%        2d8       1%          2
c - Flame Wave            Conj/Fire      27%        2d9       5%          4
d - Brom's Barrelling Bo  Conj/Erth      18%        2d4       12%         4

Your spell library contained the following spells:

 Spells                   Type           Power      Damage    Failure   Level
 Sandblast                Erth           34%        2d9       1%          1
 Inner Flame              Hex/Fire       20%        N/A       3%          3
 Volatile Blastmotes      Fire/Tloc      40%        2d13      3%          3
 Necrotise                Necr           32%        1d5       4%          1
 Passwall                 Erth           17%        N/A       4%          3
 Stone Arrow              Conj/Erth      36%        3d9       4%          3
 Cigotuvi's Dreadful Rot  Necr/Alch/Air  16%        N/A       6%          2
 Vampiric Draining        Necr           8%         2d6       12%         3
 Dispel Undead            Necr           8%         3d8       34%         4
 Martyr's Knell           Necr/Summ      8%         N/A       34%         4
 Curse of Agony           Necr           8%         N/A       69%         5
 Death Channel            Necr           4%         N/A       99%         6


Dungeon Overview and Level Annotations

Branches:
Dungeon (6/15)
 Temple: D:4-7

Altars:
Cheibriados
Elyvilon
Fedhas
Gozag
Hepliaklqana
Kikubaaqudgha
Ru
Sif Muna
Uskayaw


Message History

Okay, then.
As you read the scroll of teleportation, it crumbles to dust.
You feel strangely unstable.
The foxfire hits the orc warrior.
The orc warrior is almost dead.
The foxfire hits the orc warrior.
The orc warrior is almost dead.
The orc warrior hits you from afar with a +0 trident!
* * * LOW HITPOINT WARNING * * *
The orc warrior attacks as it pursues you!
The orc warrior closely misses you.
The orc hits you with a +1 falchion of flaming.
* * * LOW HITPOINT WARNING * * *
The orc burns you.
* * * LOW HITPOINT WARNING * * *
Your surroundings suddenly seem different.
An ogre comes into view. It is wielding a +0 giant club.
Found a scroll of immolation.
Found a stone staircase leading up.
Found a spear.
The ogre shouts!
It was a potion of haste.
You feel yourself speed up. The ogre misses you.
An ufetubus comes into view.
The ufetubus shouts!
Found an encrusted glass wand.
Found a white marble altar of Elyvilon.
An ufetubus comes into view.
There is an open door here.
The ufetubus misses you. The ufetubus closely misses you.
You see here a wand of flame (24).
The ufetubus attacks as it pursues you! The ufetubus misses you.
The ufetubus barely misses you.
There is an open door here.
A howler monkey comes into view.
The howler monkey moves out of view.
There is an open door here.
The ufetubus attacks as it pursues you! The ufetubus hits you.
* * * LOW HITPOINT WARNING * * *
The ufetubus closely misses you. The ufetubus slips past you!
The ufetubus hits you.
* * * LOW HITPOINT WARNING * * *
The ufetubus hits you.
You die...

+ #._.#.'##'.#...
#.#.5.#.#..#.....
'...+.#..#..... #
+###'###'..'.# #
#...../.#..#.# #
#......O#..# #
+###O###'### #
#+.#..##..# #.
#...)....@####
##.
######...5.......
#.. #...........
##.. #......?....
... #............
o.##.
#............
>...
#....#....... #
#....#....... # #
#....# #.. #. #


You could see an ogre and an ufetubus.

Vanquished Creatures
  A sky beast (D:4)
  A black bear (D:6)
  A centaur (D:5)
  3 scorpions
  3 bombardier beetles
  A howler monkey (D:6)
  4 hounds (D:6)
  2 orc priests
  2 iguanas
  4 orc wizards
  8 gnolls
  7 adders
  2 ufetubi (D:6)
  A dart slug (D:4)
  A ribbon worm (D:2)
  16 orcs
  7 endoplasms
  3 giant cockroaches
  6 goblins
  7 hobgoblins
  5 quokkas
  5 ball pythons
  7 bats
  2 frilled lizards (D:3)
  7 kobolds
  5 rats
111 creatures vanquished.

Vanquished Creatures (collateral kills)
  2 boulders (D:6)
  A foxfire (D:3)
3 creatures vanquished.

Vanquished Creatures (others)
  4 boulders
  242 foxfires
246 creatures vanquished.

Grand Total: 360 creatures vanquished

Notes
Turn   | Place    | Note
-------+----------+-------------------------------------------
     0 | D:1      | hawla the Deep Elf Fire Elementalist began the quest for
                  | the Orb.
     0 | D:1      | Reached XP level 1. HP: 10/10 MP: 6/6
   321 | D:1      | Reached XP level 2. HP: 15/15 MP: 5/8
   324 | D:1      | Learned a level 2 spell: Scorch
  1350 | D:2      | Reached XP level 3. HP: 19/19 MP: 6/9
  2228 | D:3      | Reached skill level 5 in Fire Magic
  2347 | D:3      | Found a snail-covered altar of Cheibriados.
  2570 | D:3      | Reached XP level 4. HP: 13/24 MP: 3/10
  2577 | D:3      | Learned a level 4 spell: Flame Wave
  2661 | D:3      | Found a shimmering blue altar of Sif Muna.
  2909 | D:4      | Reached XP level 5. HP: 28/28 MP: 0/11
  3074 | D:4      | Noticed a sky beast
  3083 | D:4      | Killed a sky beast
  3084 | D:4      | Reached XP level 6. HP: 32/32 MP: 4/15
  3089 | D:4      | Learned a level 4 spell: Brom's Barrelling Boulder
  3219 | D:4      | Reached skill level 1 in Earth Magic
  3366 | D:4      | Found a hide-covered altar of Uskayaw.
  3372 | D:4      | Found an opulent altar of Gozag.
  3742 | D:5      | Entered Level 5 of the Dungeon
  3749 | D:5      | Found a hazy altar of Hepliaklqana.
  4019 | D:5      | Reached skill level 1 in Staves
  4019 | D:5      | Reached XP level 7. HP: 11/36 MP: 7/16
  4805 | D:5      | Found a blossoming altar of Fedhas.
  4904 | D:5      | Found an ancient bone altar of Kikubaaqudgha.
  5330 | D:6      | Reached skill level 5 in Staves
  5425 | D:6      | HP: 1/36 [orc warrior/+0 scimitar (14)]
  5602 | D:6      | Reached XP level 8. HP: 38/41 MP: 12/17
  5653 | D:6      | Found a sacrificial altar of Ru.
  5703 | D:6      | Found a white marble altar of Elyvilon.
  5713 | D:6      | HP: 2/41 [ufetubus (4)]
  5713 | D:6      | Slain by an ufetubus

Illustrated notes

Levels and vault maps discovered:
D:1:      lightli_arrival_statue_moat, layout_loops_ring
D:2:      layout_loops_cross, serial_park_tiny_pond
D:3:      layout_basic, mainiacjoe_overflow_tiny_flanked,
          mainiacjoe_overflow_chevrons, patterned_corridor
D:4:      layout_rooms, minitemple, minivault_4
D:5:      layout_loops_corners, lemuel_coloured_pillars_altar,
          lemuel_crystal_altar, mainiacjoe_overflow_catwalk
D:6:      layout_basic, hangedman_ru_absence, mainiacjoe_overflow_24_doors

Skill      XL: |  1  2  3  4  5  6  7  8 |
---------------+-------------------------+-----
Fire Magic     | 4 5 6 |  6.6
Spellcasting   | 4 |  4.8
Earth Magic    | 2 |  2.5
Conjurations   | 2 |  2.9
Staves         | 1 5 6 |  6.4
Dodging        | |  2.4
Stealth        | |  2.4

Action                     |  1- 3 |  4- 6 |  7- 9 || total
---------------------------+-------+-------+-------++-------
  Melee: Unarmed           |     4 |     1 |       ||     5
         Staff             |       |     3 |       ||     3
   Cast: Foxfire           |    60 |    39 |    46 ||   145
         Scorch            |    16 |    14 |    24 ||    54
         Flame Wave        |       |     1 |     3 ||     4
         Brom's Barrelling |       |       |     6 ||     6
    Use: Scroll            |     2 |     3 |     5 ||    10
         Potion            |       |       |     2 ||     2
   Stab: Sleeping          |     1 |       |       ||     1
 Armour: Robe              |     9 |     8 |    19 ||    36
  Dodge: Dodged            |     7 |     4 |    17 ||    28
